 Dungeon Crawl Stone Soup version 0.17.1-1-g73c8601 (webtiles) character file.

25 Implojin the Ruffian (level 2, 0/29 HPs)
             Began as a Troll Fighter on Apr 9, 2016.
             Slain by an orc wizard
             ... wielding a +0 dagger
              (1 damage)
             ... on level 3 of the Dungeon.
             The game lasted 00:01:04 (204 turns).

Implojin the Ruffian (Troll Fighter)                 Turns: 204, Time: 00:01:04

Health: 0/29       AC:  5    Str: 23    XL:     2   Next: 86%
Magic:  1/1        EV:  8    Int:  4    God:
Gold:   0          SH:  8    Dex:  9    Spells: 0 memorised, 1 level left

rFire  . . .     SeeInvis .       - Unarmed
rCold  . . .     Clarity  .     a - +0 robe
rNeg   . . .     SustAt   .     b - +0 shield
rPois  .         Gourm    +     (helmet restricted)
rElec  .         Spirit   .     (no cloak)
rCorr  .         Warding  .     (gloves unavailable)
rMut   .         Stasis   .     (boots unavailable)
MR     .....                    (no amulet)
Stlth  +.........               (no ring)
                                (no ring)

@: lethally poisoned (0 -> -12), not resistant to hostile enchantments, very
unstealthy
A: unfitting armour, claws 3, fast metabolism 3, gourmand, regeneration 2,
shaggy fur 1, tough skin 2
a: no special abilities


You were on level 3 of the Dungeon.
You were full.

You visited 1 branch of the dungeon, and saw 3 of its levels.

Inventory:

Armour
 a - a +0 robe (worn)
 b - a +0 shield (worn)
Jewellery
 h - an uncursed amulet of guardian spirit {unknown}
Scrolls
 f - a scroll of fear {unknown}
 i - a scroll of immolation {unknown}
Potions
 c - a potion of might
Comestibles
 d - 2 bread rations
 g - 4 fruits


   Skills:
 - Level 2.4 Fighting
 - Level 2.4 Dodging
 - Level 2.4 Shields
 * Level 3.4 Unarmed Combat


You had one spell level left.
You didn't know any spells.

Dungeon Overview and Level Annotations

Branches:
Dungeon (3/15)

Altars:


Innate Abilities, Weirdness & Mutations

You are too large for most types of armour.
You have claws for hands.
Your metabolism is lightning-fast.
You like to eat raw meat.
You heal very quickly.
You are covered in fur (AC +1).
You have very tough skin (AC +2).


Message History

You closely miss the adder.
The adder is heavily wounded.
You feel sick. The adder bites you.
* * * LOW HITPOINT WARNING * * *
You scratch the adder.
The adder is severely wounded.
You feel sick. The adder closely misses you.
The adder bites you but does no damage.
Unknown command.
You barely miss the adder.
The adder is severely wounded.
* * * LOW HITPOINT WARNING * * *
You feel sick. You block the adder's attack.
You claw the adder!
You kill the adder!
You feel sick.
Unknown command.
You scratch the orc.
The orc is heavily wounded.
You feel sick. The orc hits you but does no damage.
You scratch the orc but do no damage.
The orc is heavily wounded.
You feel sick. You block the orc's attack.
Unknown command.
You barely miss the orc.
The orc is heavily wounded.
You feel sick. You block the orc's attack.
You barely miss the orc.
The orc is heavily wounded.
You feel sick. The orc completely misses you.
You claw the orc!
You kill the orc!
You feel sick.
Drink which item? (? for menu, Esc to quit)
It was a potion of poison.
That liquid tasted very nasty...
You are lethally poisoned!
* * * LOW HITPOINT WARNING * * *
You feel sick. Something hits you.
You die...

#..<.....#
#.#
#.######.#
#.# #.#
#.#≈...≈#
#.#
#.#≈.Z.≈#
#.#
###≈...≈#
#.# #≈...≈#
#Z# #≈...≈#
##)##
#≈...≈#
#@#.#
#≈...≈#
#.###{S....#
#.# .(....#
#.# ......#
#.. ......#
## ......#
#......
#.....


You could see a rat zombie.

Vanquished Creatures
  An adder (D:3)
  An orc (D:3)
  A bat zombie (D:3)
  2 hobgoblins (D:2)
  3 kobolds
  A quokka (D:2)
  2 bats (D:2)
  A goblin (D:2)
  2 rats
  A rat zombie (D:3)
15 creatures vanquished.

Notes
Turn   | Place    | Note
--------------------------------------------------------------
     0 | D:1      | Implojin the Troll Fighter began the quest for the Orb.
     0 | D:1      | Reached XP level 1. HP: 22/22 MP: 0/0
   114 | D:2      | Reached XP level 2. HP: 27/29 MP: 1/1
   187 | D:3      | Reached skill level 3 in Unarmed Combat
   204 | D:3      | HP: 1/29 [poison (a potion of poison)]
   204 | D:3      | Slain by an orc wizard

Action                   || total
-------------------------++-------
Melee: Unarmed           ||    37
  Use: Potion            ||     1
  Eat: Chunk             ||     3

Table legend:
 A = Turns spent in this place as a percentage of turns spent in the entire game.
 B = Non-inter-level travel turns spent in this place as a percentage of non-inter-level travel turns spent in the entire game.
 C = Inter-level travel turns spent in this place as a percentage of turns spent in this place.
 D = Turns resting spent in this place as a percentage of non-inter-level travel turns spent in this place.
 E = Turns spent auto-exploring this place as a percentage of non-inter-level travel turns spent in this place.
 F = Non-inter-level travel turns spent in this place divided by the number of levels of this place that you've seen.
                   A       B       C       D       E      F
               +-------+-------+-------+-------+-------+----------------------
         Total | 100.0 | 100.0 |   0.0 |   0.0 |   0.0 |  68.3
       Dungeon | 100.0 | 100.0 |   0.0 |   0.0 |   0.0 |  68.3
               +-------+-------+-------+-------+-------+----------------------

Table legend:
 A = Kills in this place as a percentage of kills in entire the game.
 B = Kills by you in this place as a percentage of kills by you in the entire game.
 C = Kills by friends in this place as a percentage of kills by friends in the entire game.
 D = Other kills in this place as a percentage of other kills in the entire game.
 E = Experience gained in this place as a percentage of experience gained in the entire game.
 F = Experience gained in this place divided by the number of levels of this place that you have seen.
                   A       B       C       D       E      F
               +-------+-------+-------+-------+-------+----------------------
         Total | 100.0 | 100.0 |  -nan |  -nan | 100.0 |  12.3
       Dungeon | 100.0 | 100.0 |  -nan |  -nan | 100.0 |  12.3
               +-------+-------+-------+-------+-------+----------------------
